 Dungeon Crawl Stone Soup version 0.27-a0-660-g90476cec82 (webtiles) character file.

Game seed: 6018298944910520

21361 jestyr24 the Fencer (level 12, -4/159 HPs)
             Began as a Minotaur Fighter on Mar 16, 2021.
             Was a High Priest of Okawaru.
             Slain by an eight-headed hydra (7 damage)
             ... on level 2 of the Lair of Beasts.
             The game lasted 01:42:42 (17966 turns).

jestyr24 the Fencer (Minotaur Fighter)             Turns: 17966, Time: 01:42:44

Health: -4/159     AC: 30    Str: 28    XL:     12   Next: 53%
Magic:  14/14      EV:  2    Int:  5    God:    Okawaru [*****.]
Gold:   770        SH: 11    Dex: 10    Spells: 11/11 levels left

rFire    . . .     SeeInvis .   a - +4 morningstar
rCold    + . .     Faith    .   c - +0 kite shield
rNeg     + + +     Spirit   .   (armour currently unavailable)
rPois    +         Reflect  .   (helmet currently unavailable)
rElec    .         Harm     .   (cloak currently unavailable)
rCorr    .         Rampage  .   (gloves currently unavailable)
Will     .....     Clarity  +   (boots currently unavailable) Stlth +.........NoTele +
                                v - amulet of the acrobat
HPRegen  0.36/turn              q - ring of protection from cold
MPRegen  0.14/turn              J - +4 ring of protection

@: tree-form, berserk cooldown, slowed, very slow
A: stationary, stasis, torment immunity, boosted hp, (horns 2), (retaliatory
headbutt), clarity, frail 1, strong 1
a: Renounce Religion, Heroism, Finesse


You were on level 2 of the Lair of Beasts.
You worshipped Okawaru.
Okawaru was extremely pleased with you.
You were a tree.
You visited 3 branches of the dungeon, and saw 14 of its levels.

You collected 770 gold pieces.

Inventory:

Hand Weapons
 a - a +4 morningstar (weapon)
 B - a +5 great sword
 C - the +7 short sword "Qehelirph" {vorpal, Int+8}
   (You found it on level 7 of the Dungeon)

   It inflicts extra damage upon your enemies.
   It affects your intelligence (+8).
 I - a +1 vorpal falchion
 N - the +8 trident "Teumuykk" {drain, Dex+3}
   (You took it off an orc on level 10 of the Dungeon)

   A truly terrible weapon, it drains the life of those it strikes.
   It affects your dexterity (+3).
Missiles
 b - 28 poisoned darts (quivered)
 y - 9 javelins
 G - 2 silver javelins
Armour
 c - a +0 kite shield (worn)
 g - a +0 pair of boots (melded)
 s - the +0 cloak "Qiditemm" (melded) {rC+ Int+4}
   (You found it on level 5 of the Dungeon)

   It affects your intelligence (+4).
   It protects you from cold.
 t - a +2 scale mail of willpower
 u - a +0 plate armour (melded)
 O - a +1 pair of gloves of stealth (melded)
 P - the +1 hat of Filth (melded) {rElec rN+ rCorr}
   (You found it on level 9 of the Dungeon)

   It insulates you from electricity.
   It protects you from negative energy.
   It provides partial protection from all sources of acid and corrosion.
Jewellery
 l - a ring of flight
 q - a ring of protection from cold (right branch)
 v - an amulet of the acrobat (around neck)
 F - a ring of willpower
 J - a +4 ring of protection (left branch)
Wands
 r - a wand of flame (7)
 A - a wand of paralysis (5)
 H - a wand of mindburst (17)
 K - a wand of polymorph (4)
 L - a wand of charming (9)
 Q - a wand of random effects (17)
Scrolls
 d - 3 scrolls of fear
 i - 5 scrolls of identify
 m - 2 scrolls of enchant armour
 n - a scroll of noise {unknown}
 w - a scroll of blinking
 x - 5 scrolls of teleportation
Potions
 e - 3 potions of cancellation
 f - a potion of resistance
 h - a potion of invisibility {unknown}
 j - 2 potions of might
 o - 5 potions of curing
 p - 2 potions of mutation
 z - 2 potions of lignification
 D - a potion of flight {unknown}
 M - 2 potions of ambrosia


   Skills:
 + Level 14.8 Fighting
 - Level 16.6 Long Blades
 - Level 6.1 Armour
 - Level 1.8 Dodging
 - Level 0.5 Stealth
 - Level 6.1 Shields
 * Level 5.2 Invocations
 - Level 0.1 Evocations


You had 11 spell levels left.
You didn't know any spells.
Your spell library contained the following spells:

 Spells                   Type           Power      Damage    Failure   Level
 Animate Skeleton         Necr           0%         N/A       86%         1
 Apportation              Tloc           0%         N/A       86%         1
 Corona                   Hex            0%         N/A       86%         1
 Magic Dart               Conj           0%         1d3       86%         1
 Pain                     Necr           0%         1d4       86%         1
 Summon Small Mammal      Summ           0%         N/A       86%         1
 Blink                    Tloc           N/A        N/A       94%         2
 Call Imp                 Summ           0%         N/A       94%         2
 Slow                     Hex            0%         N/A       94%         2
 Sublimation of Blood     Necr           0%         N/A       94%         2
 Conjure Flame            Conj/Fire      0%         6-21      99%         3
 Mephitic Cloud           Conj/Pois/Air  0%         N/A       99%         3
 Dispel Undead            Necr           0%         3d6       100%        4
 Eringya's Noxious Bog    Tmut/Pois      0%         N/A       100%        6


Dungeon Overview and Level Annotations

Branches:
Dungeon (11/15)            Temple (1/1) D:7            Lair (2/6) D:9
  Snake (0/4) Lair:2          Orc (0/2) D:10
  Swamp: Lair:2-4    Shoals: Lair:2-4

Altars:
Ashenzari
Cheibriados
Dithmenos
Elyvilon
Fedhas
Gozag
Hepliaklqana
Kikubaaqudgha
Makhleb
Nemelex Xobeh
Okawaru
Qazlal
Ru
Sif Muna
Trog
Uskayaw
Vehumet
Wu Jian
Xom
Yredelemnul
Zin
The Shining One
Beogh

Shops:
D:6 *   D:8 :

Annotations:
D:9 3 runed translucent doors
Lair:2 2 transporters


Innate Abilities, Weirdness & Mutations

You are a tree.
Your roots penetrate the ground, keeping you stationary.
You cannot be teleported.
You are immune to unholy pain and torment.
Your maximum health is greatly increased.
Your equipment is partially melded.
((You have a pair of horns on your head.))
((You reflexively headbutt those who attack you in melee.))
You possess an exceptional clarity of mind.
You are frail. (-10% HP)
Your muscles are strong. (Str +2)


Message History

The eight-headed hydra bites you. x3
The eight-headed hydra completely misses you.
The eight-headed hydra bites you but does no damage. x4
The eight-headed hydra barely misses you.
The eight-headed hydra bites you but does no damage.
You block the eight-headed hydra's attack.
The eight-headed hydra bites you but does no damage.
You impale the eight-headed hydra!!
The eight-headed hydra is heavily wounded.
The eight-headed hydra bites you but does no damage. x2
You block the eight-headed hydra's attack. x2
The eight-headed hydra bites you but does no damage. x3
The eight-headed hydra bites you. The eight-headed hydra bites you!
* * * LOW HITPOINT WARNING * * *
The eight-headed hydra bites you but does no damage. x4
The eight-headed hydra bites you!
* * * LOW HITPOINT WARNING * * *
The eight-headed hydra bites you.
* * * LOW HITPOINT WARNING * * *
The eight-headed hydra bites you but does no damage.
You impale the eight-headed hydra!!
The eight-headed hydra is severely wounded.
The eight-headed hydra bites you but does no damage.
You block the eight-headed hydra's attack.
The eight-headed hydra bites you but does no damage.
You block the eight-headed hydra's attack.
The eight-headed hydra bites you!
* * * LOW HITPOINT WARNING * * *
The eight-headed hydra bites you but does no damage. x2
The eight-headed hydra bites you.
* * * LOW HITPOINT WARNING * * *
The eight-headed hydra bites you but does no damage.
The eight-headed hydra bites you.
* * * LOW HITPOINT WARNING * * *
The eight-headed hydra bites you but does no damage. x3
The eight-headed hydra bites you!
* * * LOW HITPOINT WARNING * * *
The eight-headed hydra bites you but does no damage.
The eight-headed hydra bites you!
You die...

.........♣♣..§♣♣♣♣ ##....#.##.###
...#.P.♣♣♣♣♣..§§.♣ #......###..##
....##.♣ ≈≈♣♣♣♣§§♣♣♣.............
.......♣ ≈≈≈♣ ♣§§♣♣..............
.......♣ ♣§..♣♣♣§.♣♣.............
........ §§§§≈≈††.♣..............
.......♣ §§≈§≈≈≈≈≈♣#.............
#P##.##. ♣§.§§§≈D♣♣#.............
####### §§.♣♣§.♣♣ #.............
#.P.#.#♣♣...§§§§♣♣♣#.............
#.....+.♣♣♣..§♣♣♣.P#.............
.....#....♣♣♣♣♣..................
#....##......#...................
#....##......##.####.....########
#.P####.......#'###........#....#
######.....................#[###.
##P.###..................©©#©....


You could see an eight-headed hydra.

Vanquished Creatures
  5 hydras
  2 death yaks
  The ghost of Grognak the Spear-Bearer, a novice MiCK of Xom (D:8)
  A deep elf pyromancer (D:9)
  Pikel (D:5)
  2 ugly things
  A deep elf zephyrmancer (D:9)
  Joseph (D:7)
  A torpor snail (Lair:2)
  Maggie (D:8)
  6 cane toads
  A komodo dragon (Lair:2)
  A troll (D:9)
  2 polar bears
  Grinder (D:4)
  A tyrant leech (Lair:2)
  A wyvern (Lair:2)
  3 wraiths (D:9)
  20 yaks
  2 basilisks
  Duvessa (D:5)
  Edmund (D:5)
  A water moccasin (Lair:1)
  A swamp drake (D:9)
  A black bear (D:7)
  2 ice beasts
  4 orc warriors
  A necrophage (D:7)
  2 sky beasts (D:9)
  4 centaurs
  2 ogres
  12 wolves
  2 phantoms
  5 bullfrogs
  Blork the orc (D:9)
  2 gnoll sergeants
  A wyvern zombie (D:7)
  An elf skeleton (D:9)
  A scorpion (D:5)
  Dowan (D:5)
  18 wights
  A howler monkey (D:5)
  A bullfrog zombie (D:8)
  5 crimson imps
  A quasit (D:10)
  3 hounds
  2 human zombies (D:9)
  An iron imp (D:9)
  3 jellies
  5 orc priests
  4 centaur skeletons
  An iguana (D:10)
  Ijyb (D:3)
  4 worker ants
  10 orc wizards
  4 mummies (D:9)
  A worker ant zombie (D:10)
  7 adders
  10 gnolls
  4 shadow imps
  14 white imps
  An ooze (D:2)
  3 adder skeletons
  3 worms
  A dart slug (D:3)
  3 leopard geckos
  86 orcs
  11 giant cockroaches
  5 hobgoblins
  3 jackals
  10 kobolds
  3 quokkas
  11 bats
  A frilled lizard (D:1)
  4 goblins
  A quokka skeleton (D:7)
  3 rats
349 creatures vanquished.

Vanquished Creatures (others)
  2 orcs (D:9)
  A fungus (Lair:2)
3 creatures vanquished.

Grand Total: 352 creatures vanquished

Notes
Turn   | Place    | Note
-------+----------+-------------------------------------------
     0 | D:1      | jestyr24 the Minotaur Fighter began the quest for the Orb.
     0 | D:1      | Reached XP level 1. HP: 19/19 MP: 0/0
   809 | D:1      | Reached XP level 2. HP: 27/27 MP: 1/1
  1615 | D:2      | Reached XP level 3. HP: 24/33 MP: 2/2
  1812 | D:2      | Reached skill level 3 in Long Blades
  1946 | D:2      | Reached XP level 4. HP: 39/40 MP: 3/3
  2612 | D:3      | Found a faded altar of an unknown god.
  2636 | D:3      | Found a stormy altar of Qazlal.
  3040 | D:3      | Noticed Ijyb
  3053 | D:3      | Killed Ijyb
  3054 | D:3      | Reached skill level 1 in Dodging
  3502 | D:3      | Reached XP level 5. HP: 38/46 MP: 4/4
  3652 | D:4      | Noticed a phantom
  3661 | D:4      | Killed a phantom
  3662 | D:4      | Reached skill level 4 in Long Blades
  3662 | D:4      | Reached skill level 5 in Shields
  3744 | D:4      | Reached skill level 5 in Armour
  3974 | D:4      | Found a glowing silver altar of Zin.
  4040 | D:4      | Noticed an ogre
  4041 | D:4      | Killed an ogre
  4042 | D:4      | Reached XP level 6. HP: 53/53 MP: 5/5
  4044 | D:4      | Reached skill level 5 in Long Blades
  4338 | D:5      | Entered Level 5 of the Dungeon
  4338 | D:5      | Noticed Duvessa
  4338 | D:5      | Noticed Dowan
  4338 | D:5      | Noticed Grinder
  4356 | D:4      | Paralysed by Grinder for 4 turns
  4364 | D:4      | Killed Grinder
  4365 | D:4      | Reached XP level 7. HP: 37/60 MP: 6/6
  4502 | D:5      | Reached skill level 6 in Long Blades
  4554 | D:5      | Reached skill level 5 in Fighting
  4590 | D:5      | Killed Dowan
  4615 | D:5      | Killed Duvessa
  4804 | D:5      | Noticed Edmund
  4811 | D:5      | Killed Edmund
  4812 | D:5      | Reached skill level 7 in Long Blades
  4818 | D:5      | Gained mutation: You are frail. (-10% HP) [potion of
                  | mutation]
  4818 | D:5      | Gained mutation: You possess an exceptional clarity of
                  | mind. [potion of mutation]
  4818 | D:5      | Gained mutation: Your muscles are strong. (Str +2) [potion
                  | of mutation]
  4959 | D:5      | Noticed Pikel
  4976 | D:5      | Reached XP level 8. HP: 61/62 MP: 7/7
  4990 | D:5      | Killed Pikel
  4991 | D:5      | Reached skill level 9 in Long Blades
  5003 | D:5      | Identified the +0 cloak "Qiditemm" {rC+ Int+4}
  5129 | D:5      | Found a shimmering altar of Xom.
  5319 | D:6      | Reached skill level 10 in Long Blades
  5420 | D:6      | Found an opulent altar of Gozag.
  5524 | D:6      | Found a shadowy altar of Dithmenos.
  5595 | D:6      | Found a bloodstained altar of Trog.
  5971 | D:6      | Found a glowing golden altar of the Shining One.
  6023 | D:6      | Found Giesusia's Assorted Antiques.
  6149 | D:6      | Identified the +1 ring mail of Esair {rC+ Str+4}
  6213 | D:7      | Reached skill level 11 in Long Blades
  6220 | D:7      | Reached XP level 9. HP: 41/66 MP: 8/8
  6408 | D:7      | Found a sacrificial altar of Ru.
  6569 | D:7      | Found a staircase to the Ecumenical Temple.
  6578 | Temple   | Entered the Ecumenical Temple
  6612 | Temple   | Became a worshipper of Warmaster Okawaru
  6958 | D:7      | Reached skill level 12 in Long Blades
  7051 | D:7      | Identified the +7 short sword "Qehelirph" {vorpal, Int+8}
  7434 | D:7      | Noticed Joseph
  7444 | D:7      | Killed Joseph
  7444 | D:7      | Reached * piety under Okawaru
  7445 | D:7      | Reached skill level 13 in Long Blades
  7746 | D:8      | Identified the Collected Works on Evil Poisoning
  7755 | D:8      | Found a transporter.
  7760 | D:8      | Noticed Grognak's ghost (novice MiCK)
  8141 | D:8      | Reached skill level 14 in Long Blades
  8207 | D:8      | Reached ** piety under Okawaru
  8267 | D:8      | Found a transporter.
  8287 | D:8      | Found Xojischuu's Book Boutique.
  8664 | D:8      | Noticed Maggie
  8678 | D:8      | Killed Maggie
  8679 | D:8      | Reached XP level 10. HP: 23/73 MP: 9/9
  9376 | D:8      | Killed Grognak's ghost
  9376 | D:8      | Reached *** piety under Okawaru
  9377 | D:8      | Reached skill level 15 in Long Blades
  9565 | D:9      | Reached skill level 16 in Long Blades
  9672 | D:9      | Reached **** piety under Okawaru
  9785 | D:9      | Found a basalt altar of Yredelemnul.
 10278 | D:9      | Found a sparkling altar of Nemelex Xobeh.
 10284 | D:9      | Found an ornate altar of the Wu Jian Council.
 10287 | D:9      | Found a snail-covered altar of Cheibriados.
 10334 | D:9      | Found a runed translucent gate.
 10334 | D:9      | Found a runed translucent gate.
 10334 | D:9      | Found a runed translucent gate.
 10334 | D:9      | Noticed a green very ugly thing
 10335 | D:9      | Noticed a brown ugly thing
 10335 | D:9      | Noticed a brown ugly thing
 10335 | D:9      | Noticed a white ugly thing
 10484 | D:9      | Noticed Blork the orc
 10496 | D:9      | Killed Blork the orc
 10637 | D:9      | Noticed a deep elf zephyrmancer
 10645 | D:9      | Killed a deep elf zephyrmancer
 10645 | D:9      | Reached ***** piety under Okawaru
 10646 | D:9      | Reached XP level 11. HP: 34/82 MP: 10/10
 10854 | D:9      | Noticed a deep elf pyromancer
 10866 | D:9      | Killed a deep elf pyromancer
 10866 | D:9      | Received a gift from Okawaru
 10878 | D:9      | Identified the +1 hat of Filth {rElec rN+ rCorr}
 11143 | D:9      | Found a staircase to the Lair.
 11306 | D:9      | Found a burning altar of Makhleb.
 11486 | D:10     | Entered Level 10 of the Dungeon
 11841 | D:10     | Found a staircase to the Orcish Mines.
 12128 | D:10     | Noticed a purple ugly thing
 12153 | D:10     | Killed a purple ugly thing
 12160 | D:10     | Reached skill level 10 in Fighting
 12695 | D:10     | Identified the +8 trident "Teumuykk" {drain, Dex+3}
 12732 | D:11     | Noticed a red ugly thing
 12740 | D:11     | Killed a red ugly thing
 12860 | D:11     | Noticed an eight-headed hydra
 12864 | D:11     | Noticed a brown ugly thing
 13261 | D:10     | HP: 3/90 [13-headed hydra (6)]
 13828 | Lair:1   | Entered Level 1 of the Lair of Beasts
 14099 | Lair:1   | Reached skill level 1 in Invocations
 14302 | Lair:1   | Noticed a six-headed hydra
 14320 | Lair:1   | Killed a six-headed hydra
 15639 | Lair:2   | Noticed a four-headed hydra
 15647 | Lair:2   | Killed a four-headed hydra
 15719 | Lair:2   | Noticed a death yak
 15719 | Lair:2   | Noticed a death yak
 15739 | Lair:1   | Killed a death yak
 15912 | Lair:2   | Killed a death yak
 15913 | Lair:2   | Reached XP level 12. HP: 32/101 MP: 13/13
 16218 | Lair:2   | Noticed a six-headed hydra
 16219 | Lair:2   | Found a transporter.
 16219 | Lair:2   | Noticed a boulder beetle
 16221 | Lair:2   | Found a transporter.
 16231 | Lair:2   | Killed a six-headed hydra
 16811 | Lair:2   | Received a gift from Okawaru
 16963 | Lair:2   | Found a staircase to the Snake Pit.
 17109 | Lair:2   | Noticed an eight-headed hydra
 17116 | Lair:2   | HP: 4/105 [eight-headed hydra (9)]
 17118 | Lair:2   | Killed an eight-headed hydra
 17119 | Lair:2   | Reached skill level 5 in Invocations
 17927 | Lair:2   | Noticed a five-headed hydra
 17939 | Lair:2   | Killed a five-headed hydra
 17941 | Lair:2   | Upgraded the game from 0.27-a0-650-g8dd3ea4f36 to
                  | 0.27-a0-660-g90476cec82
 17955 | Lair:2   | Noticed an eight-headed hydra
 17966 | Lair:2   | HP: 3/159 [eight-headed hydra (9)]
 17966 | Lair:2   | Slain by an eight-headed hydra

Illustrated notes

Levels and vault maps discovered:
D:1:      amcnicky_arrival_choice, layout_basic, hex_medium, minmay_pentomino_x2
D:2:      minmay_chambers_of_ones, layout_basic
D:3:      layout_loops_corners, overflow_temple_1_default,
          chequers_ecumenical_altar_simple_redux, uniq_ijyb
D:4:      layout_basic, kennysheep_mini, lemuel_another_geyser
D:5:      layout_rooms, led_xom_imps, uniq_edmund, uniq_duvessa, uniq_grinder,
          uniq_pikel
D:6:      layout_basic, general_overflow_altar, lemuel_doored_altar,
          grunt_dithmenos_shadows, tso_metal_star, serial_shops,
          nicolae_shop_waterfront
D:7:      layout_loops_ring, hangedman_ru_absence, minmay_temple_entry_waves,
          minmay_misc_feat_tower, minmay_fountain_box, hangedman_glass_teeth,
          uniq_joseph
D:8:      layout_loops_ring, serial_shops, nicolae_shop_trees, special_room
          [special_room_orc], nzn_ghost_randoct, uniq_maggie
D:9:      layout_basic, lemuel_mausoleum_altar_yredelemnul,
          grunt_temple_overflow_cloverleaf, lair_entry_dummy,
          ploomutoo_gammafunk_ghost_potion_laboratory, hangedman_minor_magic
D:10:     layout_irregular_city, hiddenorc2_lemuel, billiards_dpeg
D:11:     layout_irregular_city, due_unseen_surprise
Temple:   chequers_temple_sunken
Lair:1:   layout_hall_layers
Lair:2:   gammafunk_boulding_lane, layout_regular_city,
          palyth_hydra_swamp_entry, dummy_snake_entry,
          portal_ice_cave_entry_imps, grunt_megastairs_2

Skill      XL: |  1  2  3  4  5  6  7  8  9 10 11 12 |
---------------+-------------------------------------+-----
Shields        | 4 5 6 |  6.1
Armour         | 4 5 6 |  6.1
Long Blades    | 3 4 5 7 11 14 16 | 16.6
Fighting       | 4 5 7 12 14 | 14.8
Dodging        | 1 |  1.8
Invocations    | 3 5 |  5.2
Stealth        | |  0.5
Evocations     | |  0.1

Action                   |  1- 3 |  4- 6 |  7- 9 | 10-12 || total
-------------------------+-------+-------+-------+-------++-------
Melee: Long sword        |    81 |   109 |   170 |       ||   360
       Headbutt          |     9 |    26 |    42 |   155 ||   232
       Short sword       |       |       |    99 |   490 ||   589
       Great sword       |       |       |    45 |   149 ||   194
       Morningstar       |       |       |       |    36 ||    36
Invok: Heroism           |       |       |       |     1 ||     1
Evoke: Wand              |       |       |     5 |     2 ||     7
  Use: Scroll            |       |     3 |     7 |    12 ||    22
       Potion            |       |       |     4 |    10 ||    14
Armor: Scale mail        |    52 |    15 |       |       ||    67
       Chain mail        |       |    24 |       |       ||    24
       Plate armour      |       |     4 |    95 |   415 ||   514
       Skin              |       |       |       |    37 ||    37
Dodge: Dodged            |    29 |    26 |    87 |   214 ||   356
Block: Kite shield       |    70 |    47 |   108 |   277 ||   502
       Rpst.: Long sword |    10 |     8 |     6 |       ||    24
       Great sword       |       |       |     5 |    16 ||    21

Table legend: (Time is in decaauts)
 A = Elapsed time spent in this place.
 B = Non-inter-level travel time spent in this place.
 C = Inter-level travel time spent in this place.
 D = Time resting spent in this place.
 E = Time spent auto-exploring this place.
 F = Levels seen in this place.
 G = Mean time per level.
                   A        B        C        D        E       F      G
               +--------+--------+--------+--------+--------+-----+--------+
         Total |  18033 |  17545 |    488 |   5145 |   7859 |  14 | 1288.1 |
       Dungeon |  14069 |  13643 |    426 |   3728 |   6457 |  11 | 1279.0 |
        Temple |    257 |    229 |     28 |      0 |    218 |   1 |  257.0 |
          Lair |   3706 |   3672 |     34 |   1417 |   1184 |   2 | 1853.0 |
               +--------+--------+--------+--------+--------+-----+--------+

Top non-repeatable levels by time:
     D:9: 2957 daAuts
  Lair:2: 1905 daAuts
  Lair:1: 1801 daAuts
     D:8: 1728 daAuts
    D:10: 1590 daAuts
     D:1: 1574 daAuts
     D:7: 1329 daAuts
     D:3: 1306 daAuts
     D:6: 972 daAuts
     D:4: 855 daAuts
     D:2: 841 daAuts
     D:5: 765 daAuts
  Temple: 257 daAuts
    D:11: 149 daAuts
